 Dungeon Crawl Stone Soup version 0.32-a0-975-g85d4e5bfdb (webtiles) character file.

Game seed: 14412307048647887775

106 Cancer the Changeling (level 4, 0/28 HPs)
             Began as an Octopode Shapeshifter on Apr 18, 2024.
             Slain by a ball python (2 damage)
             ... on level 4 of the Dungeon.
             The game lasted 00:04:12 (2683 turns).

Cancer the Changeling (Octopode Shapeshifter)       Turns: 2683, Time: 00:04:13

Health: 0/28       AC:  1    Str: 21    XL:     4   Next: 84%
Magic:  0/4        EV:  2    Int: 12    God:
Gold:   163        SH:  0    Dex: 11    Spells: 3/3 levels left

rFire   + .          .
                       - Unarmed
rCold   . . .        (no shield)
rNeg    + . .        (helmet currently unavailable)
rPois   .            g - amulet of guardian spirit
rElec   .            t - +6 ring of strength
rCorr   .            m - ring of Kikubaaqudgha's Scorn {rF+ rN+ Will+}
SInv    .            (no ring)
Will    +....        (no ring)
Stlth   +++          (no ring)
HPRegen 0.24/turn    (no ring)
MPRegen 0.09/turn    (no ring)
                     (no ring)

%: guardian spirit
@: lethally poisoned (0 -> -5), beast-form, constricted
A: beast (slay +2), almost no armour, amphibious, 8 rings, camouflage 1,
gelatinous body 1, (nimble swimmer 1), tentacles
a: Begin Untransformation


You were on level 4 of the Dungeon.
You were a hulking beast.
You visited 1 branch of the dungeon, and saw 4 of its levels.

You collected 163 gold pieces.

Inventory:

Jewellery
 g - an amulet of guardian spirit (around mantle)
 m - the ring of Kikubaaqudgha's Scorn (right tentacle) {rF+ rN+ Will+}
   (You found it on level 2 of the Dungeon)

   [ring of positive energy]

   rF+:       It protects you from fire.
   rN+:       It protects you from negative energy.
   Will+:     It increases your willpower.
 t - a +6 ring of strength (left tentacle)
Talismans
 b - a beast talisman (active)
 c - a flux talisman
Scrolls
 i - a scroll of amnesia {unknown}
 j - 4 scrolls of identify {unknown}
 n - a scroll of vulnerability {unknown}
 r - 3 scrolls of revelation {unknown}
 s - a scroll of enchant weapon {unknown}
 u - 2 scrolls of butterflies {unknown}
 v - a scroll of noise {unknown}
Potions
 a - a potion of lignification
 d - a potion of attraction {unknown}
 e - 2 potions of ambrosia {unknown}
 f - 3 potions of mutation {unknown}
 h - a potion of enlightenment {unknown}
 k - a potion of might {unknown}
 l - a potion of brilliance {unknown}
 o - 3 potions of curing {unknown}
 p - 2 potions of heal wounds {unknown}
 q - 2 potions of resistance {unknown}


   Skills:
 - Level 1.0 Fighting
 - Level 2.0 Dodging
 - Level 3.0 Stealth
 - Level 3.0 Unarmed Combat
 + Level 4.6 Shapeshifting


You had 3 spell levels left.
You didn't know any spells.
Your spell library contained the following spells:

 Spells                   Type           Power      Damage    Failure   Level
 Slow                     Hex            0%         N/A       32%         1
 Confusing Touch          Hex            0%         N/A       69%         3
 Hailstorm                Conj/Ice       0%         3d5       69%         3
 Sigil of Binding         Hex            0%         N/A       69%         3
 Summon Ice Beast         Ice/Summ       0%         N/A       69%         3
 Vampiric Draining        Necr           0%         2d6       69%         3
 Anguish                  Hex/Necr       0%         N/A       97%         4
 Cause Fear               Hex            0%         N/A       97%         4
 Permafrost Eruption      Ice/Erth       0%         2x4d1     100%        6
 Sculpt Simulacrum        Ice/Alch       0%         N/A       100%        6
 Enfeeble                 Hex            0%         N/A       100%        7


Dungeon Overview and Level Annotations

Branches:
Dungeon (4/15)
 Temple: D:4-7

Altars:
Elyvilon

Shops:
D:3 (


Innate Abilities, Weirdness & Mutations

You are a hulking beast.
Your limbs bulge with bestial killing power. (Slay +2)
You cannot wear most types of armour.
You are amphibious.
You can wear up to eight rings at the same time.
Your skin changes colour to match your surroundings (Stealth+).
Your rubbery body absorbs attacks. (AC +1, EV +1)
((You are camouflaged when in or above water. (Stealth+)))
You have tentacles for arms and can constrict up to eight enemies at once.


Message History

A hobgoblin comes into view.
No target in view!
No target in view!
No target in view!
There is a stone staircase leading up here.
A ball python comes into view.
What are your orders? t - Shout!
Orders for allies: a - Attack new target. r - Retreat! s - Stop attacking. g - Guard the area. f - Follow me.
Anything else - Cancel.
You shout for attention!
The ball python hisses angrily.
You hear a shout!
A scorpion comes into view.
The hobgoblin shouts!
The scorpion stings you!
You are poisoned.
The scorpion poisons you!
You tentacle-slap the scorpion. You grab the scorpion.
The scorpion is lightly wounded.
You constrict the scorpion.
You feel very sick. The scorpion stings you.
You tentacle-slap the scorpion.
The scorpion is heavily wounded.
You constrict the scorpion.
You feel sick. The scorpion misses you.
You tentacle-slap the scorpion but do no damage.
The scorpion is heavily wounded.
You constrict the scorpion.
You feel sick. The scorpion stings you.
* * * LOW HITPOINT WARNING * * *
The scorpion misses you.
You tentacle-slap the scorpion.
The scorpion is severely wounded.
You constrict the scorpion.
* * * LOW HITPOINT WARNING * * *
You feel sick. The ball python barely misses you. The ball python grabs you.
The ball python constricts you.
* * * LOW HITPOINT WARNING * * *
The ball python bites you.
You die...

###############
#.....S........
#.#############
#S#.....#
#h#.###.#
#.s...#.#
###.#.#.#######
#............
###.#.######
#.#.# #.#.#
#.#.# #)#.#


You could see a scorpion and a ball python.

Vanquished Creatures
  4 gnolls
  2 adders
  An adder zombie (D:2)
  3 dart slugs (D:1)
  5 endoplasms
  3 giant cockroaches
  A goblin (D:1)
  4 hobgoblins
  2 jackals (D:1)
  2 quokkas
  6 bats
  A frilled lizard (D:1)
  3 kobolds
  4 rats
41 creatures vanquished.

Notes
Turn   | Place    | Note
-------+----------+-------------------------------------------
     0 | D:1      | Cancer the Octopode Shapeshifter began the quest for the
                  | Orb.
     0 | D:1      | Reached XP level 1. HP: 13/13 MP: 1/1
   118 | D:1      | Reached skill level 1 in Stealth
   208 | D:1      | Reached XP level 2. HP: 14/18 MP: 2/2
   647 | D:1      | Reached XP level 3. HP: 23/23 MP: 3/3
  1244 | D:2      | Identified the ring of Kikubaaqudgha's Scorn {rF+ rN+
                  | Will+}
  1451 | D:2      | Found a faded altar of an unknown god.
  1836 | D:3      | Found Budeek's Weapon Shoppe.
  1900 | D:3      | Found a white marble altar of Elyvilon.
  2160 | D:3      | Reached skill level 4 in Shapeshifting
  2307 | D:3      | Reached XP level 4. HP: 28/28 MP: 4/4
  2678 | D:4      | Noticed a scorpion
  2683 | D:4      | Slain by a ball python

Illustrated notes

Levels and vault maps discovered:
D:1:      zelgadis_glass_arrival_large, layout_basic, minmay_stone_trees_small
D:2:      layout_loops_ring, serial_undead, serial_undead_c, serial_undead_e,
          serial_undead_f, serial_undead_b,
          shapermc_ecumenical_altar_mp_highgroup
D:3:      layout_rooms, lemuel_crystal_altar, serial_shops, shop
D:4:      layout_loops_ring, grunt_qazlal_clouds, pf_guarded_unrand_woodcutter

Skill      XL: |  1  2  3 |
---------------+----------+-----
Stealth        | 1 2 3 |  3.0
Shapeshifting  | 4 |  4.6
Fighting       | |  1.0
Dodging        | |  2.0
Unarmed Combat | |  3.0

Action                     |  1- 3 |  4- 6 || total
---------------------------+-------+-------++-------
  Melee: Unarmed           |    65 |    18 ||    83
         Constrict         |    19 |     6 ||    25
         Tentacles         |    12 |     6 ||    18
         Punch             |     2 |       ||     2
   Stab: Sleeping          |     9 |       ||     9
 Armour: Skin              |    23 |    14 ||    37
  Dodge: Dodged            |    40 |    10 ||    50

Table legend: (Time is in decaauts)
 A = Elapsed time spent in this place.
 B = Non-inter-level travel time spent in this place.
 C = Inter-level travel time spent in this place.
 D = Time resting spent in this place.
 E = Time spent auto-exploring this place.
 F = Levels seen in this place.
 G = Mean time per level.
                   A        B        C        D        E       F      G
               +--------+--------+--------+--------+--------+-----+--------+
         Total |   2677 |   2402 |    275 |     96 |   1953 |   4 |  669.2 |
       Dungeon |   2677 |   2402 |    275 |     96 |   1953 |   4 |  669.2 |
               +--------+--------+--------+--------+--------+-----+--------+

Top non-repeatable levels by time:
     D:1: 1036 daAuts
     D:2: 829 daAuts
     D:3: 761 daAuts
     D:4: 50 daAuts
